 Dungeon Crawl Stone Soup version 0.24-a0-497-g5a03d68f59 (webtiles) character file.

Game seed: 1191388130602728536

62 KristoblXynda the Slasher (level 3, -1/29 HPs)
             Began as a Draconian Skald on July 13, 2019.
             Asphyxiated
             ... on level 3 of the Dungeon.
             The game lasted 00:02:09 (1857 turns).

KristoblXynda the Slasher (Draconian Skald)         Turns: 1857, Time: 00:02:09

Health: -1/29      AC:  5    Str: 13    XL:     3   Next: 85%
Magic:  6/6        EV: 12    Int: 14    God:
Gold:   118        SH:  0    Dex: 10    Spells: 2/6 levels left

rFire    . . .     SeeInvis .   a - +0 falchion
rCold    . . .     Gourm    .   (no shield)
rNeg     . . .     Faith    .   (armour unavailable)
rPois    .         Spirit   .   (helmet restricted)
rElec    .         Reflect  .   (no cloak)
rCorr    .         Harm     .   (no gloves)
MR       .....                  (no boots)
Stlth    +.........             (no amulet)
HPRegen  0.09/turn              (no ring)
MPRegen  0.10/turn              (no ring)

@: lethally poisoned (-1 -> -14), slowed, very slow
A: unfitting armour, cold-blooded, AC +5
a: no special abilities


You were on level 3 of the Dungeon.
You were not hungry.

You visited 1 branch of the dungeon, and saw 3 of its levels.

You collected 118 gold pieces.

Inventory:

Hand Weapons
 a - a +0 falchion (weapon)
Jewellery
 g - an uncursed amulet of harm {unknown}
Scrolls
 f - a scroll of blinking {unknown}
 h - 2 scrolls of remove curse {unknown}
 k - a scroll of enchant armour {unknown}
Potions
 b - a potion of brilliance {unknown}
 d - a potion of lignification {unknown}
 e - a potion of heal wounds {unknown}
 j - a potion of curing {unknown}
Comestibles
 c - 2 rations


   Skills:
 - Level 2.1 Fighting
 * Level 3.3 Long Blades
 + Level 2.6 Dodging
 - Level 2.0 Spellcasting
 + Level 3.2 Charms


You had 2 spell levels left.
You knew the following spells:

 Your Spells              Type           Power        Failure   Level  Hunger
a - Infusion              Chrm           ##..         6%          1    ##.....
b - Regeneration          Chrm/Necr      #.........   36%         3    ####...

Your spell library contained the following spells:

 Spells                   Type           Power        Failure   Level  Hunger
 Song of Slaying          Chrm           ##......     10%         2    ###....
 Shroud of Golubria       Chrm/Tloc      #.....       19%         2    ###....
 Spectral Weapon          Hex/Chrm       #.......     36%         3    ####...


Dungeon Overview and Level Annotations

Branches:
Dungeon (3/15)

Altars:


Innate Abilities, Weirdness & Mutations

Your plain brown scales are hard. (AC +5)
You cannot fit into any form of body armour.
You are cold-blooded and may be slowed by cold attacks.


Message History

Things that are here:
a +0 club; a hobgoblin corpse
There is a stone staircase leading up here.
A kobold comes into view. It is wielding a +0 dagger.
The kobold shouts!
You hear a shout!
The kobold throws a curare-tipped dart.
The curare-tipped dart hits you.
You are poisoned.
You have difficulty breathing.
You feel yourself slow down.
You see here a curare-tipped dart.
A kobold is nearby!
A kobold is nearby!
You feel sick.
You start resting.
You feel sick.
The kobold is too close now for your liking.
You feel sick.
There is a stone staircase leading up here.
The kobold throws a curare-tipped dart.
The curare-tipped dart hits you.
You are lethally poisoned!
You have difficulty breathing.
You die...

## ## .K .. .##.#
....# ..K.# ...
######K# #.@..(.#
#.########.######
#.............#
#####..##.##.#
#.<...##.#
##รท#####.#
#.#####.#
#..)....#
#########


You could see a kobold.

Vanquished Creatures
  An adder (D:2)
  2 worms (D:2)
  A dart slug (D:1)
  A leopard gecko (D:1)
  6 bats
  3 giant cockroaches
  4 goblins (D:1)
  8 hobgoblins
  6 kobolds
  3 frilled lizards
  6 rats
41 creatures vanquished.

Notes
Turn   | Place    | Note
-------+----------+-------------------------------------------
     0 | D:1      | KristoblXynda the Draconian Skald began the quest for the
                  | Orb.
     0 | D:1      | Reached XP level 1. HP: 17/17 MP: 3/3
   134 | D:1      | Reached XP level 2. HP: 24/24 MP: 5/5
   769 | D:2      | Reached XP level 3. HP: 23/29 MP: 6/6
   985 | D:2      | Learned a level 3 spell: Regeneration
  1857 | D:3      | Asphyxiated

Levels and vault maps discovered:
D:1:      psy_arrival_terrarium, layout_rooms
D:2:      layout_loops_corners
D:3:      layout_loops_cross, first_ration, st_stairs_6

Skill      XL: |  1  2 |
---------------+-------+-----
Charms         | 3 |  3.2
Long Blades    | 3 |  3.3
Fighting       | |  2.1
Dodging        | |  2.6
Spellcasting   | |  2.0

Action                   || total
-------------------------++-------
Melee: Falchion          ||   120
       Tailslap          ||    13
 Cast: Infusion          ||     1
 Stab: Sleeping          ||     1
  Eat: Chunk             ||     3
Armor: Skin              ||    40
Dodge: Dodged            ||    84
       Rpst.: Falchion   ||    26

Table legend:
 A = Non-vault XP
 B = Vault XP
 C = Vault XP percentage of total XP
 D = Non-vault monster count
 E = Vault monster count
 F = Vault count percentage of total count
                 A         B        C        D         E       F
            +---------+---------+-------+---------+---------+-------
      Total |      89 |       0 |   0.0 |      41 |       0 |   0.0
            +---------+---------+-------+---------+---------+-------
        D:1 |      36 |       0 |   0.0 |      19 |       0 |   0.0
        D:2 |      50 |       0 |   0.0 |      20 |       0 |   0.0
        D:3 |       3 |       0 |   0.0 |       2 |       0 |   0.0
            +---------+---------+-------+---------+---------+-------
